 Dungeon Sprint DCSS version 0.27-a0-1193-g8631133539 (webtiles) character file.

Game seed: 3149793603934277662

3 rocky1 the Shield-Bearer (level 1, 0/18 HPs)
             Began as a Formicid Fighter on May 26, 2021.
             Slain by a human (7 damage)
             ... in the Dungeon (Sprint III: "The Ten Rune Challenge").
             The game lasted 00:00:32 (87 turns).

rocky1 the Shield-Bearer (Formicid Fighter)           Turns: 87, Time: 00:00:33

Health: 0/18       AC:  6    Str: 20    XL:     1   Next: 55%
Magic:  1/1        EV:  8    Int:  7    God:
Gold:   12         SH:  9    Dex: 10    Spells: 0/0 levels left

rFire    . . .     SeeInvis +   a - +0 long sword
rCold    . . .     Faith    .   c - +0 kite shield
rNeg     . . .     Spirit   .   b - +0 scale mail
rPois    .         Reflect  .   (helmet unavailable)
rElec    .         Harm     .   (no cloak)
rCorr    .         Rampage  .   (no gloves)
Will     .....                  (no boots)
Stlth    ..........             (no amulet)
HPRegen  0.06/turn              (no ring)
MPRegen  0.07/turn              (no ring)

@: no status effects
A: permanent stasis, dig shafts and tunnels, antennae 3, four strong arms
a: Dig


You were in the Dungeon.
You visited 1 branch You collected 12 gold pieces.

Inventory:

Hand Weapons
 a - a +0 long sword (weapon)
Armour
 b - a +0 scale mail (worn)
 c - a +0 kite shield (worn)
Potions
 d - a potion of might
 e - a potion of curing
 f - a potion of heal wounds
 g - 3 potions of magic


   Skills:
 + Level 3.2 Fighting
 + Level 2.9 Long Blades
 + Level 3.2 Armour
 + Level 0.0 Dodging
 + Level 4.4 Shields


You couldn't memorise any spells.
You didn't know any spells.
Your spell library was empty.

Dungeon Overview and Level Annotations

Branches:
Dungeon (1/1)

Altars:


Innate Abilities, Weirdness & Mutations

You cannot be hasted, slowed, berserked, paralysed or teleported.
You can dig through walls and to a lower floor.
You have a pair of large antennae on your head. (SInv)
Your four strong arms can wield two-handed weapons with a shield.


Message History

HP restored.
A human comes into view.
Okay, then.
You hit the human.
The human is lightly wounded.
The human hits you but does no damage.
You closely miss the human.
The human is lightly wounded.
You block the human's attack.
You closely miss the human.
The human is lightly wounded.
You block the human's attack. The human hits you but does no damage.
You hit the human.
The human is moderately wounded.
You block the human's attack.
Your shield and scale mail prevent you from hitting the human.
The human is moderately wounded.
You block the human's attack.
You barely miss the human.
The human is moderately wounded.
The human hits you but does no damage. The human hits you.
You closely miss the human.
The human is moderately wounded.
The human hits you but does no damage.
You slash the human!
The human is heavily wounded.
The human hits you. x2
You completely miss the human.
The human is heavily wounded.
You block the human's attack.
You hit the human.
The human is heavily wounded.
You block the human's attack. The human barely misses you.
You slash the human!
The human is severely wounded.
You block the human's attack.
You closely miss the human.
The human is severely wounded.
The human hits you!
You die...

▓...†.#
▓.....#...≈≈♣♣.♣♣
▓.....#..≈≈≈≈...♣
▓####'#..≈≈≈≈≈≈..
▓.....#.≈≈≈≈≈≈...
▓.....#.≈≈≈≈≈....
▓.....#.≈≈≈......
▓'#####..........
▓...@p...........
▓▓▓▓▓▓▓▓▓▓▓▓▓▓▓▓▓
{ { { { { {{ { {{


You could see a human.

Vanquished Creatures
  An endoplasm (D)
  3 rats (D)
4 creatures vanquished.

Vanquished Creatures (others)
  3 plants (D)
3 creatures vanquished.

Grand Total: 7 creatures vanquished

Notes
Turn   | Place    | Note
-------+----------+-------------------------------------------
     0 | D        | rocky1 the Formicid Fighter began the quest for the Orb.
     0 | D        | Reached XP level 1. HP: 18/18 MP: 1/1
     6 | D        | Reached skill level 4 in Shields
    87 | D        | Slain by a human

Illustrated notes

Levels and vault maps discovered:
D:        dungeon_sprint_mu [sprint_mu_entry_forest, sprint_mu_temple_rooms,
          sprint_mu_d1_spiders, sprint_mu_d2_genie, sprint_mu_d3_branching,
          sprint_mu_orc_legion, sprint_mu_elf_gauntlet, sprint_mu_hive_nellie,
          sprint_mu_lair_fedhas, sprint_mu_vaults_butterflies,
          sprint_mu_slime_circle, sprint_mu_swamp_cave, sprint_mu_shoals_archi,
          sprint_mu_blade_basic, sprint_mu_crypt_fortress,
          sprint_mu_tomb_spiral, sprint_mu_vestibule_basic,
          sprint_mu_gehenna_hellfire, sprint_mu_dis_giant,
          sprint_mu_tartarus_statrot, sprint_mu_cocytus_islands, sprint_mu_zot1]

Skill      XL: |  1 |
---------------+----+-----
Shields        | 4 |  4.4
Fighting       | |  3.2
Long Blades    | |  2.9
Armour         | |  3.2

Action                   || total
-------------------------++-------
Melee: Long sword        ||    28
Armor: Scale mail        ||    11
Dodge: Dodged            ||    11
Block: Kite shield       ||    13
       Rpst.: Long sword ||     2

Table legend: (Time is in decaauts)
 A = Elapsed time spent in this place.
 B = Non-inter-level travel time spent in this place.
 C = Inter-level travel time spent in this place.
 D = Time resting spent in this place.
 E = Time spent auto-exploring this place.
 F = Levels seen in this place.
 G = Mean time per level.
                   A        B        C        D        E       F      G
               +--------+--------+--------+--------+--------+-----+--------+
         Total |     98 |     98 |      0 |     19 |      0 |   1 |   98.0 |
       Dungeon |     98 |     98 |      0 |     19 |      0 |   1 |   98.0 |
               +--------+--------+--------+--------+--------+-----+--------+

Top non-repeatable levels by time:
       D: 98 daAuts
